 Dungeon Crawl Stone Soup version 0.25.0-9-g26727b657a (webtiles) character file.

Game seed: 5174582901167617810

1050 mortelune the Ruffian (level 8, -1/70 HPs)
             Began as a Ghoul Monk on June 20, 2020.
             Was a Believer of Kikubaaqudgha.
             Slain by a wight
             ... wielding a cursed +5 long sword
              (6 damage)
             ... on level 6 of the Dungeon.
             The game lasted 00:17:45 (7694 turns).

mortelune the Ruffian (Ghoul Monk)                  Turns: 7694, Time: 00:17:46

Health: -1/70      AC:  7    Str: 15      XL:     8   Next: 26%
Magic:  8/8        EV: 12    Int:  7      God:    Kikubaaqudgha [**....]
Gold:   166        SH:  0    Dex: 10 (11) Spells: 6/9 levels left

rFire    . . .     SeeInvis .     - Unarmed
rCold    + . .     Gourm    .   (no shield)
rNeg     + + +     Faith    .   v - +1 ring mail {rPois}
rPois    ∞         Spirit   .   (no helmet)
rElec    .         Reflect  .   c - +0 cloak
rCorr    +         Harm     .   (no gloves)
MR       .....     Rnd*Tele +   (no boots)
Stlth    +.........             (no amulet)
HPRegen  0.00/turn              C - ring of resist corrosion
MPRegen  0.11/turn              h - ring of teleportation

@: rotting
A: rotting body, claws 1, carnivore, cold resistance 1, negative energy
resistance 3, inhibited regeneration, torment resistance, unbreathing
a: Receive Corpses, Renounce Religion


You were on level 6 of the Dungeon.
You worshipped Kikubaaqudgha.
Kikubaaqudgha was pleased with you.
You were very hungry.

You visited 1 branch of the dungeon, and saw 7 of its levels.

You collected 334 gold pieces.
You spent 168 gold pieces at shops.

Inventory:

Hand Weapons
 b - a +0 hunting sling
 d - a +0 hunting sling
Missiles
 Q - 149 stones (quivered)
Armour
 a - a +0 robe
 c - a +0 cloak (worn)
 e - a +0 ring mail
 v - a +1 ring mail of poison resistance (worn)
 y - a +2 kite shield
 z - the +1 chain mail "Waoq" {rPois rC- MP-9 Int+9}
   (You found it on level 5 of the Dungeon)

   It affects your intelligence (+9).
   It makes you vulnerable to cold.
   It protects you from poison.
   It affects your magic capacity (-9).
Jewellery
 h - a ring of teleportation (right claw)
 C - a ring of resist corrosion (left claw)
Wands
 s - a wand of clouds (7)
Scrolls
 f - a scroll of fog
 g - a scroll of enchant armour
 m - a scroll of magic mapping
 p - a scroll of summoning
 r - 2 scrolls of enchant weapon
 t - 6 scrolls of teleportation
 B - 2 scrolls of blinking
Potions
 j - 3 potions of brilliance
 l - a potion of magic
 n - 2 potions of lignification
 u - 2 potions of degeneration
 w - a potion of curing
 A - 3 potions of cancellation {unknown}
Comestibles
 k - 15 rations


   Skills:
 + Level 5.8 Fighting
 * Level 1.7 Armour
 - Level 4.5 Dodging
 - Level 2.1 Stealth
 * Level 7.5 Unarmed Combat
 + Level 1.0 Spellcasting
 - Level 2.1 Necromancy


You had 6 spell levels left.
You knew the following spells:

 Your Spells              Type           Power        Failure   Level  Hunger
a - Animate Skeleton      Necr           N/A          32%         1    ##.....
b - Corpse Rot            Necr/Air       N/A          61%         2    ###....

Your spell library contained the following spells:

 Spells                   Type           Power        Failure   Level  Hunger
 Pain                     Necr           #...         32%         1    ##.....
 Corona                   Hex            #......      63%         1    ##.....
 Vampiric Draining        Necr           #.........   69%         3    ####...
 Ensorcelled Hibernation  Hex/Ice        #.....       77%         2    ###....
 Confusing Touch          Hex            #.......     94%         3    ####...
 Dazzling Flash           Conj/Hex       #.....       94%         3    ####...
 Tukima's Dance           Hex            #.......     94%         3    ####...


Dungeon Overview and Level Annotations

Branches:
Dungeon (7/15)             Temple (0/1) D:4

Altars:
Dithmenos
Elyvilon
Gozag
Kikubaaqudgha
Okawaru
Ru
Zin

Shops:
D:5 }*%[=


Innate Abilities, Weirdness & Mutations

Your body is rotting away.
You thrive on raw meat.
You are immune to poison.
You have sharp fingernails.
You are carnivorous and can eat meat at any time.
Your flesh is cold resistant. (rC+)
You are immune to negative energy. (rN+++)
You do not regenerate when monsters are visible.
You are immune to unholy pain and torment.
You can survive without breathing.


Message History

The hippogriff misses you. The hippogriff pecks you.
* * * LOW HITPOINT WARNING * * *
The hippogriff claws you.
* * * LOW HITPOINT WARNING * * *
You feel better.
You scratch the hippogriff.
The hippogriff is severely wounded.
The hippogriff bites you.
* * * LOW HITPOINT WARNING * * *
The hippogriff pecks you but does no damage.
The hippogriff claws you.
* * * LOW HITPOINT WARNING * * *
There is a stone staircase leading up here.
The hippogriff bites you but does no damage.
The hippogriff pecks you but does no damage.
The hippogriff claws you but does no damage.
You climb upwards.
The wight hits you with a cursed +5 long sword.
You die...
Kikubaaqudgha rasps: "You have failed me!
Welcome... oblivion!"

##.....### #..#.#...# ###.###
####.....### #.#
#........######## ######## #.#
#................
##......###.#####......>.########
.........................#
.....#..............######
...............H.z......
.⌠.⌠.#..........@######
.................#
.....#..........##
.._........#...##
.....#..######## ........#
.⌠.⌠.#..# ........# .....#..#


You could see a hippogriff and a wight.

Vanquished Creatures
  Edmund (D:5)
  A black bear (D:6)
  A centaur (D:5)
  2 bullfrogs
  A scorpion (D:7)
  A vampire bat (D:3)
  A jelly (D:6)
  A quasit (D:7)
  3 hounds
  3 orc wizards
  2 iguanas
  2 worker ants
  9 adders
  A shadow imp (D:6)
  2 oozes
  An adder zombie (D:6)
  An adder skeleton (D:7)
  5 worms
  2 dart slugs
  A leopard gecko (D:2)
  10 orcs
  2 bat skeletons (D:3)
  2 bat zombies (D:3)
  2 giant cockroaches
  6 hobgoblins
  10 jackals
  9 kobolds
  4 quokkas
  3 ball pythons
  2 bats
  4 frilled lizards
  7 goblins
  A jackal skeleton (D:4)
  2 rats
105 creatures vanquished.

Notes
Turn   | Place    | Note
-------+----------+-------------------------------------------
     0 | D:1      | mortelune the Ghoul Monk began the quest for the Orb.
     0 | D:1      | Reached XP level 1. HP: 19/19 MP: 0/0
  1013 | D:2      | Reached XP level 2. HP: 26/26 MP: 1/1
  1034 | D:2      | Found a sacrificial altar of Ru.
  1103 | D:2      | Reached skill level 4 in Unarmed Combat
  1103 | D:2      | Reached XP level 3. HP: 26/33 MP: 2/2
  1827 | D:2      | Reached XP level 4. HP: 37/39 MP: 3/3
  2470 | D:3      | Found an iron altar of Okawaru.
  2737 | D:3      | Reached XP level 5. HP: 28/46 MP: 4/4
  2750 | D:3      | Reached skill level 5 in Unarmed Combat
  3106 | D:3      | Found a glowing silver altar of Zin.
  3406 | D:3      | Found an ancient bone altar of Kikubaaqudgha.
  3516 | D:3      | Became a worshipper of Kikubaaqudgha
  3516 | D:3      | Reached * piety under Kikubaaqudgha
  3516 | D:3      | Identified Kikubaaqudgha's Papyrus of Dark Rituals
                  | (Kikubaaqudgha gifted it to you on level 3 of the Dungeon)
  3516 | D:3      | Received a gift from Kikubaaqudgha
  3516 | D:3      | Reached ** piety under Kikubaaqudgha
  3520 | D:3      | Learned a level 1 spell: Animate Skeleton
  3578 | D:4      | Reached XP level 6. HP: 37/53 MP: 5/5
  3891 | D:4      | Found an opulent altar of Gozag.
  3905 | D:4      | Found a shadowy altar of Dithmenos.
  4006 | D:4      | Found a staircase to the Ecumenical Temple.
  4271 | D:4      | Reached skill level 1 in Necromancy
  4434 | D:5      | Entered Level 5 of the Dungeon
  4483 | D:5      | Got a spiked chain mail
  4586 | D:4      | Identified the cursed +1 chain mail "Waoq" {rPois rC- MP-9
                  | Int+9} (You found it on level 5 of the Dungeon)
  4651 | D:5      | Found Pist's Assorted Antiques.
  4659 | D:5      | Bought a scroll labeled UFO XAASATH for 24 gold pieces
  4659 | D:5      | Bought a scroll of identify for 48 gold pieces
  4659 | D:5      | Bought a silver wand for 96 gold pieces
  4681 | D:5      | Found Cuudinteu's Food Shop.
  4756 | D:5      | Found Suytz's Gadget Emporium.
  4790 | D:5      | Reached skill level 6 in Unarmed Combat
  5054 | D:5      | Reached XP level 7. HP: 54/58 MP: 0/6
  5095 | D:5      | Found Momiq's Jewellery Emporium.
  5102 | D:5      | Reached skill level 5 in Fighting
  5117 | D:5      | Noticed Edmund
  5148 | D:5      | Killed Edmund
  5518 | D:5      | Found Befa Sank's Armour Boutique.
  7010 | D:6      | Reached skill level 7 in Unarmed Combat
  7116 | D:7      | Noticed a hippogriff
  7397 | D:6      | Learned a level 2 spell: Corpse Rot
  7425 | D:6      | Found a white marble altar of Elyvilon.
  7437 | D:6      | Reached XP level 8. HP: 61/61 MP: 7/7
  7456 | D:6      | Reached skill level 1 in Armour
  7604 | D:7      | Reached skill level 1 in Spellcasting
  7649 | D:7      | Noticed a hippogriff
  7694 | D:6      | Slain by a wight

Illustrated notes

Levels and vault maps discovered:
D:1:      heliophobic_arrival_enchanted_forest, layout_basic, item_on_display_a
D:2:      layout_loops_corners, dk_vineyard_1,
          nicolae_ru_great_annihilating_truth
D:3:      layout_rooms, kennysheep_vampire_church, old_standard_altar,
          nicolae_overflow_crystal_walls, first_ration
D:4:      layout_loops_ring, chequers_temple_overflow_statue_of_worship,
          minmay_temple_entry_glass
D:5:      layout_cave_pods, serial_shops, shop, shop, shop, nicolae_shop_trees,
          nicolae_shop_statue_plus, uniq_edmund
D:6:      layout_rooms, elyvilon_altar_5, uniq_menkaure
D:7:      layout_loops_ring, serial_shops, nicolae_shop_window_shopping,
          uniq_maggie, uniq_prince_ribbit1

Skill      XL: |  1  2  3  4  5  6  7  8 |
---------------+-------------------------+-----
Dodging        | 3 4 |  4.5
Unarmed Combat | 4 5 6 7 |  7.5
Fighting       | 4 5 |  5.8
Necromancy     | 1 2 |  2.1
Armour         | 1 |  1.7
Spellcasting   | 1 |  1.0
Stealth        | |  2.1

Action                   |  1- 3 |  4- 6 |  7- 9 || total
-------------------------+-------+-------+-------++-------
Melee: Unarmed           |    83 |   204 |   137 ||   424
       Punch             |     2 |     5 |     1 ||     8
 Fire: Hunting sling     |       |    61 |    23 ||    84
Throw: Throwing net      |       |     1 |     1 ||     2
  Use: Scroll            |       |    11 |     3 ||    14
       Potion            |       |     2 |     4 ||     6
 Stab: Paralysed         |     1 |       |       ||     1
       Sleeping          |       |     3 |       ||     3
  Eat: Chunk             |     2 |    10 |     6 ||    18
       Ration            |       |       |     1 ||     1
Armor: Ring mail         |    18 |    90 |    33 ||   141
       Chain mail        |       |    22 |    51 ||    73
Dodge: Dodged            |    40 |   164 |    71 ||   275
